 Dungeon Crawl Stone Soup version 0.16-a0-3946-g4f19e5c (console) character file.

1830 Fusha the Summoner (level 8, 0/34 HPs)
             Began as a Felid Summoner on Feb 8, 2015.
             Was a Priest of Vehumet.
             Shot with an arrow of frost by a centaur (14 damage)
             ... on level 9 of the Dungeon on Feb 9, 2015.
             The game lasted 01:01:23 (10757 turns).

Fusha the Summoner (Felid Summoner)                Turns: 10757, Time: 01:01:24

Health: 0/34       AC:  2    Str:  4    XL:     8   Next: 86%
Magic:  20/25      EV: 22    Int: 19    God:    Vehumet [***...]
Gold:   495        SH:  0    Dex: 17    Spells: 5 memorised, 11 levels left
                                        Lives:  0   Deaths: 2

rFire  . . .     SeeInvis +       - Unarmed
rCold  . . .     Clarity  .     (armour unavailable)
rNeg   . . .     SustAb   .     (shield unavailable)
rPois  .         Gourm    .     (helmet unavailable)
rElec  .         Spirit   .     (cloak unavailable)
rCorr  .         Warding  .     (gloves unavailable)
rMut   .         Stasis   .     (boots unavailable)
MR     +....                    (no amulet)
Stlth  ++++......               (no ring)
                                (no ring)

@: quick, somewhat resistant to hostile enchantments, stealthy
A: paw claws, no armour, no weapons or thrown items, fangs 3, see invisible,
carnivore 3, speed 1, shaggy fur 2, slow metabolism 1
a: Renounce Religion


You were on level 9 of the Dungeon.
You worshipped Vehumet.
Vehumet was most pleased with you.
You were very full.

You visited 1 branch of the dungeon, and saw 9 of its levels.

You collected 495 gold pieces.

Inventory:

Hand weapons
 l - a +0 hunting sling
Jewellery
 i - an uncursed ring of ice
 o - an uncursed amulet of stasis
 J - an uncursed ring of teleportation
Magical devices
 p - a wand of flame (0)
 z - a wand of random effects (0)
 A - a wand of draining (0)
 D - a wand of paralysis (9)
 F - a wand of random effects (0)
 K - a wand of digging (9)
 L - a wand of cold (11)
Scrolls
 f - a scroll of noise {unknown}
 h - 3 scrolls of teleportation
 k - 5 scrolls of amnesia {unknown}
 n - a scroll of immolation {unknown}
 B - 2 scrolls of magic mapping
 C - a scroll of enchant armour {unknown}
 E - a scroll of blinking {unknown}
 G - 2 scrolls of remove curse
Potions
 a - 3 potions of restore abilities
 d - 2 potions of cancellation
 e - 2 potions of mutation
 g - 2 potions of might
 j - a potion of magic
 m - a potion of beneficial mutation {unknown}
 q - a potion of haste
 r - 5 potions of heal wounds
 s - 2 potions of resistance
 t - a potion of lignification {unknown}
 v - a potion of poison {unknown}
 w - a potion of brilliance
 H - a potion of cure mutation {unknown}
 I - a potion of curing
 M - a potion of flight {unknown}
Books
 b - a book of Callings

   Spells                             Type                      Level
   a - Summon Small Mammal            Summoning                    1
   b - Call Imp                       Summoning                    2
   c - Call Canine Familiar           Summoning                    3
   d - Summon Guardian Golem          Hexes/Summoning              4
   e - Summon Lightning Spire         Summoning/Air                4
   f - Summon Ice Beast               Ice/Summoning                4
 y - a book of Power

   Spells                             Type                      Level
   a - Fulminant Prism                Conjuration/Hexes            4
   b - Iskenderun's Mystic Blast      Conjuration                  4
   c - Venom Bolt                     Conjuration/Poison           5
   d - Bolt of Magma                  Conjuration/Fire/Earth       5
   e - Iron Shot                      Conjuration/Earth            6
   f - Orb of Destruction             Conjuration                  7
   g - Spellforged Servitor           Conjuration/Summoning        7
Comestibles
 c - 5 meat rations
 u - a slice of pizza
 x - 2 beef jerkies


   Skills:
 + Level 2.4 Fighting
 + Level 6.8 Dodging
 + Level 5.6 Stealth
 + Level 3.7 Unarmed Combat
 + Level 7.4 Spellcasting
 + Level 1.0 Conjurations
 + Level 8.0 Summonings
 + Level 0.5 Fire Magic
 + Level 2.0 Evocations


You had 11 spell levels left.
You knew the following spells:

 Your Spells              Type           Power        Failure   Level  Hunger
a - Summon Small Mammal   Summ           ####         1%          1    None
b - Call Imp              Summ           #####...     1%          2    None
c - Call Canine Familiar  Summ           #####...     1%          3    #......
d - Flame Tongue          Conj/Fire      #....        2%          1    None
e - Mephitic Cloud        Conj/Pois/Air  #.......     8%          3    #......


Dungeon Overview and Level Annotations

Branches:
Dungeon (9/15)             Temple (0/1) D:7
   Lair: D:8-11         Orc: D:9-12

Altars:
Ashenzari
Elyvilon
Gozag
Ru
Trog
Vehumet
Xom

Shops:
D:5 (


Innate Abilities, Weirdness & Mutations

You cannot wear armour.
You are incapable of wielding weapons or throwing items.
Your paws have sharp claws.
You have razor-sharp teeth.
You have supernaturally acute eyesight.
You are carnivorous and can eat meat at any time.
You cover ground quickly.
You are covered in thick fur (AC +2).
You have a slow metabolism.


Message History

The black bear rages.
The black bear bites your wolf!
The black bear completely misses your wolf.
The black bear claws your wolf.
Your wolf closely misses the black bear.
The black bear barely misses your wolf. The black bear claws your wolf.
The black bear closely misses your wolf.
Your wolf completely misses the black bear.
The centaur shoots an arrow of frost.
The arrow of frost closely misses your wolf.
The arrow of frost hits you! The arrow of frost freezes you!
There is an open door here.
You see here an arrow of frost.
Your wolf bites the black bear.
The black bear bites your wolf. The black bear misses your wolf.
The black bear claws your wolf but does no damage.
The centaur shoots an arrow of frost.
The arrow of frost barely misses your wolf.
The arrow of frost hits you!
You die...

#.............
#............c. #†#
#K## #ch# ##h## #..#
####+ ####(######
#.... #...@.....#
###....
#.........#####.'....
#.........#.....#h...
#.........#.#####....
+...<.....#h# #....
#.........'.# #....
#.........### ##'##
#####.##### #...
######.##### ####


You could see a black bear (berserk), a centaur, a kobold and a friendly wolf.

Vanquished Creatures
  Pikel (D:5)
  An ugly thing (D:7)
  An ice beast (D:6)
  2 phantoms
  2 sky beasts
  A giant frog (D:7)
  A scorpion (D:8)
  2 crimson imps (D:7)
  A giant frog skeleton (D:8)
  An orc wizard (D:7)
  An iguana (D:8)
  4 hounds
  A worker ant (D:4)
  6 adders
  2 shadow imps (D:6)
  A giant mite (D:4)
  2 worms (D:2)
  An adder zombie (D:8)
  An adder skeleton (D:5)
  2 giant geckos
  An ooze (D:4)
  8 orcs
  A ball python (D:4)
  10 bats
  A bat skeleton (D:5)
  4 giant cockroaches
  10 goblins
  15 hobgoblins
  2 quokkas
  A giant gecko skeleton (D:6)
  3 giant newts
  A giant spore (D:8)
  2 jackal skeletons (D:4)
  9 kobolds
  11 rats
  4 ballistomycetes
117 creatures vanquished.

Vanquished Creatures (collateral kills)
  Joseph (D:8)
  The ghost of timbw the Insei, an average HuTm (D:5)
  A wyvern (D:8)
  A hungry ghost (D:8)
  4 slaves (D:5)
  An orc warrior (D:8)
  A water moccasin (D:9)
  An ogre (D:8)
  A phantom (D:6)
  2 ice beasts
  3 centaurs
  Sigmund (D:2)
  4 giant frogs (D:6)
  A scorpion (D:8)
  3 killer bees (D:8)
  2 crimson imps
  A hound (D:4)
  2 orc priests (D:8)
  A jelly (D:7)
  A centaur skeleton (D:5)
  2 orc wizards
  3 worker ants (D:6)
  Robin (D:3)
  6 adders
  4 gnolls (D:2)
  3 worms (D:2)
  An adder skeleton (D:9)
  2 giant geckos (D:5)
  An ooze (D:2)
  15 orcs
  3 giant cockroaches
  7 hobgoblins
  3 bats
  6 goblins
  2 kobolds (D:1)
  A rat (D:5)
  3 ballistomycetes (D:8)
96 creatures vanquished.

Vanquished Creatures (others)
  6 wolves
  3 iron imps
  44 hounds
  11 crimson imps
  An adder (D:8)
  5 shadow imps
  12 white imps
  4 quokkas
  3 bats (D:1)
  2 giant spores
  5 rats (D:1)
96 creatures vanquished.

Grand Total: 309 creatures vanquished

Notes
Turn   | Place    | Note
--------------------------------------------------------------
     0 | D:1      | Fusha, the Felid Summoner, began the quest for the Orb.
     0 | D:1      | Reached XP level 1. HP: 7/7 MP: 4/4
   208 | D:1      | Reached XP level 2. HP: 3/11 MP: 0/5
   261 | D:1      | Learned a level 2 spell: Call Imp
  1228 | D:2      | Reached XP level 3. HP: 14/14 MP: 0/8
  1254 | D:2      | Learned a level 3 spell: Call Canine Familiar
  1319 | D:2      | Noticed Sigmund
  1332 | D:2      | Killed Sigmund
  1332 | D:2      | Reached skill level 1 in Unarmed Combat
  1332 | D:2      | Reached XP level 4. HP: 9/18 MP: 2/11
  1721 | D:2      | Found a sacrificial altar of Ru.
  1733 | D:2      | Found a radiant altar of Vehumet.
  1735 | D:2      | Found a shimmering altar of Xom.
  1917 | D:2      | Became a worshipper of Vehumet
  2397 | D:2      | Reached XP level 5. HP: 19/21 MP: 14/14
  2900 | D:3      | Reached skill level 5 in Summonings
  2924 | D:3      | Noticed Robin
  2938 | D:3      | HP: 1/21 [Robin/goblin (3)]
  2943 | D:3      | Killed Robin
  2947 | D:3      | Acquired Vehumet's first power
  2947 | D:3      | Offered knowledge of Flame Tongue by Vehumet.
  2950 | D:3      | Learned a level 1 spell: Flame Tongue
  3509 | D:4      | HP: 1/21 [poisoned by a worker ant]
  3510 | D:4      | Succumbed to a worker ant's poison
  3511 | D:4      | Reached XP level 4. HP: 0/18 MP: 11/12
  3586 | D:4      | Reached skill level 1 in Fighting
  3586 | D:4      | Reached XP level 5. HP: 17/22 MP: 12/14
  4342 | D:5      | Entered Level 5 of the Dungeon
  4352 | D:5      | Noticed a centaur
  4389 | D:5      | Killed a centaur
  4604 | D:5      | Found Praosto's Weapon Shop.
  4713 | D:5      | Noticed a slave
  4713 | D:5      | Noticed a slave
  4713 | D:5      | Noticed a phantom
  4714 | D:5      | Noticed Pikel
  4714 | D:5      | Noticed a slave
  4724 | D:5      | Noticed a slave
  4921 | D:5      | Found a shattered altar of Ashenzari.
  5028 | D:5      | Gained mutation: You are covered in thick fur (AC +2). [growing up]
  5028 | D:5      | Reached XP level 6. HP: 23/25 MP: 17/17
  5039 | D:5      | Noticed timbw's ghost (average HuTm)
  5088 | D:5      | Killed timbw's ghost
  5236 | D:5      | Offered knowledge of Freeze by Vehumet.
  5360 | D:5      | Killed a phantom
  5507 | D:5      | Killed a slave
  5527 | D:5      | Killed a slave
  5847 | D:5      | Killed a slave
  5876 | D:5      | Killed Pikel
  5876 | D:5      | Reached skill level 5 in Dodging
  5876 | D:5      | Reached XP level 7. HP: 28/28 MP: 5/21
  5886 | D:5      | Killed a freed slave
  6101 | D:5      | Noticed an ice beast
  6121 | D:5      | Killed an ice beast
  6121 | D:5      | Reached skill level 5 in Spellcasting
  6121 | D:5      | Reached skill level 6 in Summonings
  6253 | D:6      | Found a white marble altar of Elyvilon.
  6265 | D:6      | Reached skill level 1 in Evocations
  6653 | D:6      | Reached XP level 8. HP: 12/33 MP: 15/23
  7893 | D:6      | Reached skill level 5 in Stealth
  8015 | D:7      | Offered knowledge of Mephitic Cloud by Vehumet.
  8020 | D:7      | Learned a level 3 spell: Mephitic Cloud
  8250 | D:7      | Found a staircase to the Ecumenical Temple.
  8448 | D:7      | Reached skill level 7 in Summonings
  8565 | D:7      | Acquired Vehumet's second power
  8624 | D:7      | Found an opulent altar of Gozag.
  8990 | D:7      | Noticed a white ugly thing
  9018 | D:7      | Killed a white ugly thing
  9018 | D:7      | Reached XP level 9. HP: 36/36 MP: 7/25
  9600 | D:8      | Killed by an exploding giant spore... set off by themself
  9601 | D:8      | Reached XP level 8. HP: -1/33 MP: 21/24
  9673 | D:8      | Offered knowledge of Airstrike by Vehumet.
  9763 | D:8      | Found a bloodstained altar of Trog.
  9817 | D:8      | Noticed Joseph
  9845 | D:8      | Killed Joseph
 10640 | D:8      | Reached skill level 8 in Summonings
 10672 | D:9      | Upgraded the game from 0.16-a0-3943-gb4b81e6 to 0.16-a0-3946-g4f19e5c
 10699 | D:9      | Reached skill level 1 in Conjurations
 10757 | D:9      | Shot with an arrow of frost by a centaur

Action                   |  1- 3 |  4- 6 |  7- 9 || total
-------------------------+-------+-------+-------++-------
Melee: Unarmed           |    45 |   221 |   277 ||   543
 Cast: Summon Small Mamm |    16 |       |     1 ||    17
       Call Imp          |    10 |    40 |    50 ||   100
       Call Canine Famil |     1 |    28 |    54 ||    83
       Flame Tongue      |       |       |    19 ||    19
Evoke: Wand              |       |    12 |    15 ||    27
  Use: Scroll            |     1 |       |    11 ||    12
       Potion            |       |     1 |       ||     1
 Stab: Sleeping          |     4 |    10 |    10 ||    24
       Distracted        |       |     5 |     4 ||     9
  Eat: Chunk             |     6 |    17 |    28 ||    51
